Map: Year Zero LE

Players

Probe

  • Race: Protoss Protoss
  • Spawn Location: 1:00

Neeb - Winner!

  • Race: Protoss Protoss
  • Spawn Location: 11:00

Event: 2019 WCS Spring

VOD

Have the link to the VOD?

Description

Time

  • Played on: May 18, 2019, 12:45 p.m.
  • Length: 9:52

All games in this series

Show
View Real Time Build Order
Export as new Build Order

Probe Protoss 

Build Orders: Phoenix Opening, Blink Stalkers 

Get SALT Encoding   

  12  0:01  Probe  
  13  0:13  Probe  
  14  0:18  Pylon  
  14  0:24  Probe  
  15  0:33  Probe  
  15  0:39  Gateway  
  15  0:41  Probe  
  16  0:49  Assimilator  
  17  0:51  Probe  
  17  0:56  Assimilator  
  18  1:00  Probe  
  19  1:08  Probe  
  19  1:14  Gateway  
  19  1:18  Probe  
  21  1:27  Cybernetics Core  
  21  1:30  Probe  
  22  1:36  Pylon  
  22  1:42  Probe  
  23  1:54  Probe  
  24  2:05  Stalker, Warp Gate, Sentry  
  24  2:06  Probe  
  29  2:11  Pylon  
  29  2:19  Probe  
  30  2:34  Stalker  
  32  2:38  Probe  
  32  2:39  Phoenix  
  35  2:48  Twilight Council  
  35  3:02  Nexus  
  33  3:08  Probe  
  34  3:19  Pylon  
  34  3:20  Probe  
  34  3:25  Blink  
  35  3:31  Probe  
  36  3:36  Forge  
  36  3:40  Probe  
  36  3:48  Probe  
  37  3:53  Adept  
  37  3:54  Adept  
  42  3:56  Probe  
  43  4:04  Probe  
  44  4:11  Probe  
  44  4:13  Probe  
  44  4:15  Protoss Ground Weapons Level 1  
  45  4:19  Probe  
  45  4:21  Stalker  
  45  4:22  Stalker  
  50  4:26  Probe  
  50  4:28  Phoenix  
  50  4:30  Shield Battery  
  50  4:31  Probe  
  51  4:38  Probe  
  51  4:41  Probe  
  50  4:49  Probe  
  50  4:50  Stalker x2, Probe  
  55  4:57  Probe, Pylon  
  56  5:02  Probe  
  58  5:09  Probe  
  58  5:13  Assimilator  
  59  5:14  Pylon  
  59  5:15  Stalker  
  59  5:16  Stalker  
  59  5:18  Probe  
  64  5:31  Nexus  
  64  5:37  Gateway  
  64  5:41  Gateway  
  64  5:42  Sentry  
  66  5:48  Robotics Facility  
  66  5:50  Probe  
  66  5:55  Phoenix, Probe  
  68  6:02  Probe  
  68  6:03  Charge  
  67  6:07  Probe  
  66  6:12  Gateway  
  66  6:15  Gateway  
  66  6:21  Gateway x2  
  66  6:28  Pylon, Warp Prism  
  66  6:31  Stalker x2  
  72  6:42  Stalker  
  72  6:43  Probe x2  
  74  6:57  Stalker x3  
  78  7:16  Immortal  
  82  7:35  Zealot x3  
  82  7:36  Zealot x5  
  98  7:51  Pylon  
  97  7:52  Pylon x2  
  97  7:54  Pylon x2  
  74  8:05  Zealot  
  74  8:06  Zealot  
  67  8:14  Stalker x3  
  65  8:20  Sentry  
  61  8:35  Zealot x3  
  28  8:56  Stalker  
  30  9:08  Zealot  
Show
View Real Time Build Order
Export as new Build Order

Neeb Protoss - Winner!

Build Orders:  

Get SALT Encoding   

  12  0:00  Probe  
  13  0:12  Probe  
  14  0:19  Pylon  
  14  0:24  Probe  
  15  0:33  Probe  
  15  0:39  Gateway  
  15  0:41  Probe  
  16  0:48  Assimilator  
  17  0:51  Probe  
  17  0:56  Assimilator  
  18  1:00  Probe  
  19  1:09  Probe, Gateway  
  20  1:18  Probe  
  21  1:26  Cybernetics Core  
  21  1:30  Probe  
  22  1:38  Pylon  
  22  1:42  Probe  
  23  1:56  Warp Gate, Probe  
  24  2:05  Stalker, Sentry  
  28  2:08  Probe  
  28  2:15  Pylon  
  29  2:21  Probe  
  30  2:39  Sentry x2  
  30  2:43  Nexus  
  34  2:45  Probe  
  35  2:57  Forge  
  35  2:58  Probe  
  36  3:06  Pylon  
  36  3:10  Probe  
  37  3:13  Shield Battery  
  37  3:22  Probe  
  38  3:30  Probe  
  38  3:35  Robotics Facility  
  38  3:38  Probe  
  39  3:45  Protoss Ground Weapons Level 1  
  40  3:49  Probe  
  40  3:52  Adept x2  
  45  3:56  Probe  
  45  4:01  Probe  
  47  4:04  Probe  
  48  4:12  Probe  
  48  4:13  Probe  
  50  4:17  Assimilator  
  50  4:20  Assimilator  
  50  4:21  Stalker  
  50  4:22  Probe  
  50  4:23  Phoenix  
  53  4:24  Observer  
  53  4:25  Probe  
  55  4:31  Twilight Council, Shield Battery  
  55  4:35  Probe  
  56  4:43  Probe  
  55  4:47  Probe  
  55  4:51  Immortal  
  58  4:53  Gateway  
  58  4:57  Blink  
  58  4:59  Probe, Gateway  
  59  5:01  Probe  
  59  5:04  Pylon  
  60  5:08  Pylon  
  60  5:24  Protoss Ground Weapons Level 2  
  60  5:30  Gateway  
  60  5:33  Gateway x2  
  60  5:37  Gateway  
  60  5:39  Gateway  
  60  5:49  Stalker x2  
  62  5:55  Stalker x2  
  65  6:12  Warp Prism  
  67  6:19  Stalker x4  
  67  6:20  Observer  
  67  6:25  Pylon  
  75  6:30  Pylon  
  75  6:42  Stalker  
  75  6:43  Stalker x3  
  83  6:58  Stalker  
  85  7:02  Pylon x2  
  85  7:09  Pylon  
  85  7:25  Stalker x4  
  93  7:35  Stalker x4  
  101  7:46  Pylon  
  75  8:11  Stalker  
  66  8:42  Stalker x2  
  57  8:55  Probe x2  
  54  9:06  Observer  
  49  9:12  Stalker x2  
Tags
 
Add a new tag
Caveats
  • Supply blocks, unpowered buildings, or Contaminate may cause inaccurate times.
  • Supply counts are checked every 10 seconds.